 Dungeon Crawl Stone Soup version 0.30-a0-743-gbfdf073431 (webtiles) character file.

Game seed: 12754348692608634129

632 Monkooky the Magician (level 7, -11/50 HPs)
             Began as a Djinni Reaver on Feb 5, 2023.
             Was an Initiate of Cheibriados.
             Killed from afar by a white imp (12 damage)
             ... with a puff of frost
             ... on level 6 of the Dungeon.
             The game lasted 00:08:04 (4727 turns).

Monkooky the Magician (Djinni Reaver)               Turns: 4727, Time: 00:08:04

Health: -11/50     AC:  5    Str: 12    XL:     7   Next: 78%
Gold:   301        EV: 12    Int: 18    God:    Cheibriados [......] SH:  0 Dex: 12

rFire   + + .      SeeInvis .    s - +0 scimitar
rCold   x . .      Faith    .    (no shield)
rNeg    . . .      Spirit   .    b - +0 leather armour
rPois   ∞          Reflect  .    F - +0 helmet
rElec   .          Harm     .    (no cloak)
rCorr   .          Rampage  .    v - +0 pair of gloves
Will    .....                    (boots unavailable)
Stlth   +                        (no amulet)
HPRegen 0.28/turn                (no ring)
MPRegen 0.00/turn                (no ring)

@: flying, very slow
A: sickness immunity, fire resistance 2, cold vulnerability 1, float, innate
caster, HP casting, extra vitality 1
a: Renounce Religion


You were on level 6 of the Dungeon.
You worshipped Cheibriados.
Cheibriados was noncommittal.
You visited 2 branches of the dungeon, and saw 7 of its levels.

You collected 301 gold pieces.

Inventory:

Hand Weapons
 a - a +0 falchion
 q - a +0 dagger
 r - a +2 dagger of draining
 s - a +0 scimitar (weapon)
 x - the +8 whip of Reorgheph {flame, rCorr Int+3}
   (You found it on level 4 of the Dungeon)

   Int:       It affects your intelligence (+3).
   rCorr:     It protects you from acid and corrosion.
Missiles
 u - 2 poisoned darts
Armour
 b - a +0 leather armour (worn)
 v - a +0 pair of gloves (worn)
 F - a +0 helmet (worn)
Magical Staves
 j - a staff of cold
 k - a staff of poison
Jewellery
 i - a +4 ring of protection
 E - a ring of resist corrosion
Wands
 p - a wand of digging (5)
 y - a wand of acid (8)
 D - a wand of iceblast (7)
Scrolls
 c - 2 scrolls of fog {unknown}
 e - 2 scrolls of silence
 f - 3 scrolls of vulnerability
 l - 2 scrolls of amnesia {unknown}
 n - a scroll of teleportation
 w - a scroll of blinking
 A - a scroll of enchant armour {unknown}
 G - a scroll of identify
 H - a scroll of magic mapping {unknown}
Potions
 d - a potion of haste {unknown}
 g - a potion of heal wounds {unknown}
 h - 2 potions of lignification {unknown}
 m - a potion of might {unknown}
 o - 3 potions of cancellation {unknown}
 t - 4 potions of brilliance {unknown}
 z - a potion of ambrosia {unknown}
 B - a potion of magic {unknown}
 C - 2 potions of curing {unknown}


   Skills:
 + Level 3.0 Fighting
 * Level 3.8 Long Blades
 + Level 1.0 Armour
 + Level 2.8 Dodging
 - Level 5.5 Spellcasting


You had 5 spell levels left.
You knew the following spells:

 Your Spells              Type           Power      Damage    Failure   Level
a - Kiss of Death         Conj/Necr      96%        2d12      1%          1
b - Momentum Strike       Conj/Tloc      48%        3d9       2%          2
c - Hailstorm             Conj/Ice       24%        3d7       4%          3
d - Freeze                Ice            96%        1d10      1%          1
e - Ensorcelled Hibernat  Hex/Ice        48%        N/A       2%          2
f - Tukima's Dance        Hex            24%        N/A       4%          3
Your spell library was empty.

Dungeon Overview and Level Annotations

Branches:
Dungeon (6/15)             Temple (1/1) D:5

Altars:
Cheibriados
Dithmenos
Gozag
Makhleb
Nemelex Xobeh
Okawaru
Qazlal
Ru
Trog
Uskayaw


Innate Abilities, Weirdness & Mutations

You are immune to sickness and miasma.
You are immune to poison.
Your flesh is very heat resistant. (rF++)
You are vulnerable to cold. (rC-)
You float through the air rather than walking.
You learn spells naturally, not from books.
Your magical power is your life essence.
You have superior vitality. (+4 MHP)


Message History

You closely miss the adder.
The adder is moderately wounded.
The adder barely misses you.
You barely miss the adder.
The adder is moderately wounded.
The adder is no longer moving slowly.
The adder bites you but does no damage.
You closely miss the adder.
The adder is moderately wounded.
The adder misses you. The adder bites you but does no damage.
You freeze the adder.
The adder is heavily wounded.
The adder bites you but does no damage.
You freeze the adder!
You kill the adder!
Cheibriados appreciates the change of pace.
A white imp comes into view.
The white imp shouts, "Quail, thou froward dizzy-eyed wormtrail!"
A white imp is nearby!
You hit the white imp but do no damage. The white imp hits you.
The white imp freezes you.
You feel a terrible chill!
You closely miss the white imp. The white imp gestures at you.
The puff of frost hits you!
You feel a terrible chill!
You barely miss the white imp. The white imp gestures at you.
The puff of frost hits you.
You feel a terrible chill!
You slash the white imp!
The white imp is almost dead.
The white imp hits you. The white imp freezes you.
You feel a terrible chill!
You are too injured to fight recklessly!
You are too injured to fight recklessly!
You are too injured to fight recklessly!
You barely miss the white imp.
The white imp is almost dead.
The white imp gestures at you. The puff of frost hits you!!
You feel a terrible chill!
* * * LOW HITPOINT WARNING * * *
The white imp gestures at you. The puff of frost hits you!
You feel a terrible chill!
You die...

.#
..#.......#...#.##
.# ###...###...#.#
.# #.#..#...#.##
.. .#...###...# ..
#.....#...# ##
..###...#### .
.#...#.....# . #.
###...# #.@#..#
#..5#..#
#.....#..#
#.....#..## ###...
.## #.## ## .. ###


You could see a white imp.

Vanquished Creatures
  A phantom (D:5)
  A scorpion (D:5)
  2 hounds
  5 iguanas
  Jessica (D:2)
  Terence (D:2)
  An orc wizard (D:4)
  10 adders
  4 gnolls
  An ufetubus (D:4)
  2 worms (D:4)
  4 dart slugs
  10 orcs
  8 ball pythons
  4 bats
  5 endoplasms
  4 giant cockroaches (D:1)
  7 goblins
  4 hobgoblins
  3 jackals (D:2)
  4 kobolds
  3 quokkas (D:1)
  3 frilled lizards
88 creatures vanquished.

Notes
Turn   | Place    | Note
-------+----------+-------------------------------------------
     0 | D:1      | Monkooky the Djinni Reaver began the quest for the Orb.
     0 | D:1      | Monkooky set off with the following spells memorised: Kiss
                  | of Death, Momentum Strike, Hailstorm.
     0 | D:1      | Reached XP level 1. HP: 18/18 MP: 0/0
    75 | D:1      | Reached XP level 2. HP: 23/23 MP: 0/0
   296 | D:1      | Reached XP level 3. HP: 25/28 MP: 0/0
   296 | D:1      | Learned a level 1 spell: Freeze
   392 | D:1      | Reached skill level 3 in Spellcasting
   876 | D:1      | Reached XP level 4. HP: 5/33 MP: 0/0
  1543 | D:2      | Noticed Terence
  1552 | D:2      | Killed Terence
  1553 | D:2      | Reached skill level 4 in Spellcasting
  1553 | D:2      | Reached XP level 5. HP: 22/38 MP: 0/0
  1553 | D:2      | Learned a level 2 spell: Ensorcelled Hibernation
  1704 | D:2      | Noticed Jessica
  1717 | D:2      | Killed Jessica
  2841 | D:4      | Reached XP level 6. HP: 31/43 MP: 0/0
  3040 | D:4      | Identified the +8 whip of Reorgheph {flame, rCorr Int+3}
  3479 | D:4      | Reached skill level 5 in Spellcasting
  3619 | D:5      | Entered Level 5 of the Dungeon
  3683 | D:5      | Reached XP level 7. HP: 29/49 MP: 0/0
  3683 | D:5      | Learned a level 3 spell: Tukima's Dance
  4095 | D:5      | Found a staircase to the Ecumenical Temple.
  4113 | Temple   | Entered the Ecumenical Temple
  4204 | Temple   | Became a worshipper of Cheibriados the Contemplative
  4309 | D:5      | Found a sacrificial altar of Ru.
  4652 | D:6      | Reached skill level 1 in Armour
  4727 | D:6      | HP: 1/50 [white imp/puff of frost (21)]
  4727 | D:6      | Killed from afar by a white imp

Illustrated notes

Levels and vault maps discovered:
D:1:      dpeg_arrival_renting, layout_loops_ring, palyth_stone_intersect,
          minmay_worlds_worst_comb
D:2:      layout_rooms, uniq_terence, uniq_jessica
D:3:      layout_loops_cross
D:4:      layout_basic, nicolae_concentric_dashed_squares_mild
D:5:      layout_rooms, nicolae_ru_awakened_eye, temple_pool_b,
          serial_corexii_hall, chequers_hall_statues_corner_a,
          corexii_hall_statues_u, corexii_hall_statues_x,
          corexii_hall_statues_x, chequers_hall_statues_corner_a,
          chequers_hall_statues_corner_a
D:6:      layout_gridville, nicolae_titane, uniq_eustachio
Temple:   chequers_temple_sunken

Skill      XL: |  1  2  3  4  5  6  7 |
---------------+----------------------+-----
Spellcasting   | 3 4 5 |  5.5
Long Blades    | 3 |  3.8
Fighting       | 3 |  3.0
Armour         | 1 |  1.0
Dodging        | |  2.8

Action                     |  1- 3 |  4- 6 |  7- 9 || total
---------------------------+-------+-------+-------++-------
  Melee: Falchion          |    25 |       |       ||    25
         Punch             |     1 |       |     2 ||     3
         Staff             |       |     7 |       ||     7
         Whip              |       |     5 |       ||     5
         Dagger            |       |     3 |       ||     3
         Scimitar          |       |     2 |    39 ||    41
   Cast: Momentum Strike   |     8 |     2 |       ||    10
         Freeze            |    20 |    80 |    15 ||   115
         Hailstorm         |       |     7 |     5 ||    12
         Ensorcelled Hiber |       |     2 |       ||     2
    Use: Scroll            |       |     4 |       ||     4
   Stab: Sleeping          |       |     1 |       ||     1
 Armour: Leather armour    |    10 |    19 |    16 ||    45
  Dodge: Dodged            |    31 |    57 |    27 ||   115

Table legend: (Time is in decaauts)
 A = Elapsed time spent in this place.
 B = Non-inter-level travel time spent in this place.
 C = Inter-level travel time spent in this place.
 D = Time resting spent in this place.
 E = Time spent auto-exploring this place.
 F = Levels seen in this place.
 G = Mean time per level.
                   A        B        C        D        E       F      G
               +--------+--------+--------+--------+--------+-----+--------+
         Total |   4836 |   4653 |    183 |    515 |   3454 |   7 |  690.9 |
       Dungeon |   4737 |   4554 |    183 |    515 |   3406 |   6 |  789.5 |
        Temple |     99 |     99 |      0 |      0 |     48 |   1 |   99.0 |
               +--------+--------+--------+--------+--------+-----+--------+

Top non-repeatable levels by time:
     D:1: 1231 daAuts
     D:4: 862 daAuts
     D:3: 851 daAuts
     D:5: 796 daAuts
     D:2: 726 daAuts
     D:6: 269 daAuts
  Temple: 99 daAuts
